 Dungeon Sprint DCSS version 0.29-a0-613-gf2c431b9b9 (webtiles) character file.

Game seed: 8358363032796831681

163 mhtbhm the Summoner (level 5, -3/28 HPs)
             Began as a Tengu Summoner on June 16, 2022.
             Killed by nerve-wracking pain
             ... invoked by a shadow imp
             ... summoned by a kobold demonologist
              (9 damage)
             ... in the Dungeon (Sprint III: "The Ten Rune Challenge").
             The game lasted 00:02:29 (599 turns).

mhtbhm the Summoner (Tengu Summoner)                 Turns: 599, Time: 00:02:30

Health: -3/28      AC:  2    Str:  8    XL:     5   Next: 44%
Magic:  10/14      EV: 15    Int: 18    God:
Gold:   32         SH:  0    Dex: 14    Spells: 6/15 levels left

rFire   . . .      SeeInvis .   (no weapon)
rCold   . . .      Faith    .   (no shield)
rNeg    . . .      Spirit   .   a - +0 robe
rPois   .          Reflect  .   (helmet restricted)
rElec   .          Harm     .   (no cloak)
rCorr   .          Rampage  .   (no gloves)
Will    .....      NoTele   +   (boots unavailable)
Stlth   ++........              (no amulet)
HPRegen 0.09/turn               (no ring)
MPRegen 0.14/turn               (no ring)

@: spiked, flying quickly and evasively, hasted, very quick
A: beak, talons 3, nimble flight
a: no special abilities


You were in the Dungeon.
You visited 1 branch You collected 32 gold pieces.

Inventory:

Armour
 a - a +0 robe (worn)
Scrolls
 d - a scroll of poison {unknown}
 h - a scroll of torment {unknown}
 i - 3 scrolls of identify
 j - a scroll of immolation {unknown}
Potions
 b - a potion of magic
 c - a potion of curing
 f - a potion of berserk rage
 k - 7 potions of mutation


   Skills:
 + Level 0.6 Fighting
 + Level 3.4 Dodging
 + Level 2.6 Stealth
 + Level 5.6 Spellcasting
 + Level 0.1 Hexes
 + Level 10.9 Summonings


You had 6 spell levels left.
You knew the following spells:

 Your Spells              Type           Power      Damage    Failure   Level
a - Summon Small Mammal   Summ           100%       N/A       1%          1
b - Call Imp              Summ           44%        N/A       1%          2
c - Call Canine Familiar  Summ           44%        N/A       1%          3
d - Summon Guardian Gole  Hex/Summ       25%        N/A       3%          3

Your spell library contained the following spells:

 Spells                   Type           Power      Damage    Failure   Level
 Summon Lightning Spire   Summ/Air       24%        N/A       13%         4


Dungeon Overview and Level Annotations

Branches:
Dungeon (1/1)

Altars:
Kikubaaqudgha
Sif Muna
Vehumet


Innate Abilities, Weirdness & Mutations

You have a beak for a mouth.
You have claws for feet.
Your magical nature lets you fly swiftly and evasively.


Message History

Your wolf closely misses the sun demon.
The sun demon barely misses your wolf.
Your crimson imp blinks!
Unknown command.
The kobold demonologist casts a spell.
Unknown command.
Unknown command.
Your crimson imp blinks!
The kobold demonologist casts a spell.
The sun demon hits your wolf!!
Your wolf is engulfed in flames!
Unknown command.
The white imp disappears in a puff of smoke!
The sun demon hits your guardian golem!
Your guardian golem is engulfed in flames!
Your guardian golem resists.
Your guardian golem is destroyed!
Your guardian golem disappears in a puff of smoke!
Your wolf closely misses the red devil.
Unknown command.
Press: ? - help, v - describe, . - travel
Here: a kobold demonologist, wielding a +0 dagger and wearing a +0 robe (translocational energy, heavily wounded)
The floor.
Unknown command.
You aren't carrying any items that you can evoke.
Unknown command.
You feel yourself speed up.
Your wolf misses the red devil.
The red devil hits you from afar with a +0 trident.
* * * LOW HITPOINT WARNING * * *
Barbed spikes become lodged in your body.
The barbs in your skin will harm you if you move.
Continue?
Uppercase [Y]es or [N]o only, please.
The barbs in your skin will harm you if you move.
Continue?
Okay, then.
Unknown command.
Blink to where?
Press: ? - help, Dir - move target
As you read the scroll of blinking, it crumbles to dust.
The shadow imp gestures at you. Pain shoots through your body!
You die...

▓▓▓▓▓▓▓▓ ▓▓▓ <..#...####
##.# ...#......#####..#
..##.......#..#..#
##.##.##.).#..#..###+#+###
##.##.###..##'#.@#........
#.####.##..###5.55§⌠......
.###.b##..####...#...#####
#..†..##..###..§.#.⌠.#
###†.##...##...K.#...#
##..##....#..§5h4#5###
#..###..##.#..3§.#.: #..#
#.. ####.§..#___ ▓▓▓▓ ▓▓▓
▓▓▓▓▓▓▓▓▓▓


You could see a sun demon (summoned), a kobold demonologist, a red devil
(summoned), a crimson imp (summoned), 2 shadow imps, a friendly wolf (summoned)
and a friendly crimson imp (summoned).

Vanquished Creatures
  A rat (D)
1 creature vanquished.

Vanquished Creatures (collateral kills)
  A water elemental (D)
  A scorpion (D)
  Jessica (D)
  A human (D)
  A rat (D)
5 creatures vanquished.

Grand Total: 6 creatures vanquished

Notes
Turn   | Place    | Note
-------+----------+-------------------------------------------
     0 | D        | mhtbhm the Tengu Summoner began the quest for the Orb.
     0 | D        | Reached XP level 1. HP: 10/10 MP: 4/4
    14 | D        | Reached skill level 5 in Summonings
    31 | D        | Noticed Jessica
    45 | D        | Killed Jessica
    46 | D        | Reached skill level 7 in Summonings
    46 | D        | Reached XP level 2. HP: 15/15 MP: 3/6
    46 | D        | Reached XP level 3. HP: 19/19 MP: 4/8
    58 | D        | Learned a level 2 spell: Call Imp
    62 | D        | Learned a level 3 spell: Call Canine Familiar
   133 | D        | Reached skill level 8 in Summonings
   307 | D        | Noticed a scorpion
   319 | D        | Killed a scorpion
   320 | D        | Reached skill level 10 in Summonings
   320 | D        | Reached XP level 4. HP: 24/24 MP: 3/11
   550 | D        | Learned a level 3 spell: Summon Guardian Golem
   556 | D        | Noticed a water elemental
   561 | D        | Killed a water elemental
   562 | D        | Reached skill level 5 in Spellcasting
   562 | D        | Gained mutation: Your magical nature lets you fly swiftly
                  | and evasively. [Tengu growth]
   562 | D        | Reached XP level 5. HP: 28/28 MP: 2/14
   567 | D        | Found a radiant altar of Vehumet.
   567 | D        | Found a shimmering blue altar of Sif Muna.
   567 | D        | Found an ancient bone altar of Kikubaaqudgha.
   572 | D        | Noticed a chaos spawn
   585 | D        | Noticed a sun demon
   585 | D        | HP: 1/28 [chaos spawn[a kobold demonologist] (13)]
   595 | D        | Noticed a red devil
   599 | D        | Killed from afar by a shadow imp

Illustrated notes

Levels and vault maps discovered:
D:        dungeon_sprint_mu [sprint_mu_entry_cave, sprint_mu_temple_rooms,
          sprint_mu_d1_spiders, sprint_mu_d2_genie, sprint_mu_d3_branching,
          sprint_mu_orc_legion, sprint_mu_elf_gauntlet, sprint_mu_hive_nellie,
          sprint_mu_lair_fedhas, sprint_mu_vaults_butterflies,
          sprint_mu_slime_circle, sprint_mu_shoals_archi,
          sprint_mu_snake_twists, sprint_mu_blade_basic, sprint_mu_crypt_lich,
          sprint_mu_tomb_spiral, sprint_mu_vestibule_basic,
          sprint_mu_gehenna_hellfire, sprint_mu_dis_giant,
          sprint_mu_tartarus_statrot, sprint_mu_cocytus_islands, sprint_mu_zot1]

Skill      XL: |  1  2  3  4 |
---------------+-------------+-----
Summonings     | 7 10 | 10.9
Dodging        | 3 |  3.4
Spellcasting   | 4 5 |  5.6
Fighting       | |  0.6
Stealth        | |  2.6
Hexes          | |  0.1

Action                   |  1- 3 |  4- 6 || total
-------------------------+-------+-------++-------
Melee: Unarmed           |     6 |       ||     6
       Kick              |     2 |       ||     2
       Peck              |     2 |       ||     2
 Cast: Summon Small Mamm |    10 |     2 ||    12
       Call Canine Famil |     4 |     3 ||     7
       Call Imp          |     3 |     1 ||     4
       Summon Guardian G |       |     2 ||     2
  Use: Potion            |     2 |     3 ||     5
       Scroll            |       |     1 ||     1
Dodge: Dodged            |     4 |     8 ||    12

Table legend: (Time is in decaauts)
 A = Elapsed time spent in this place.
 B = Non-inter-level travel time spent in this place.
 C = Inter-level travel time spent in this place.
 D = Time resting spent in this place.
 E = Time spent auto-exploring this place.
 F = Levels seen in this place.
 G = Mean time per level.
                   A        B        C        D        E       F      G
               +--------+--------+--------+--------+--------+-----+--------+
         Total |    597 |    597 |      0 |    377 |      6 |   1 |  597.0 |
       Dungeon |    597 |    597 |      0 |    377 |      6 |   1 |  597.0 |
               +--------+--------+--------+--------+--------+-----+--------+

Top non-repeatable levels by time:
       D: 597 daAuts
